 Dungeon Crawl Stone Soup version 0.32-a0-705-g60f233581c (webtiles) character file.

Game seed: 419715624069434938

56 ASSMAN the Ruffian (level 3, -5/28 HPs)
             Began as a Gnoll Shapeshifter on Mar 15, 2024.
             Incinerated by a bombardier beetle (6 damage)
             ... with a burning spray
             ... on level 3 of the Dungeon.
             The game lasted 00:01:22 (1542 turns).

ASSMAN the Ruffian (Gnoll Shapeshifter)             Turns: 1542, Time: 00:01:22

Health: -5/28      AC:  2    Str: 15    XL:     3   Next: 95%
Magic:  4/4        EV: 12    Int:  9    God:
Gold:   108        SH:  0    Dex: 11    Spells: 4/4 levels left

rFire   . .          .
                       - Unarmed
rCold   . . .        (no shield)
rNeg    . . .        a - +0 animal skin
rPois   .            (helmet currently unavailable)
rElec   .            (cloak currently unavailable)
rCorr   .            (gloves currently unavailable)
SInv    .            (boots currently unavailable)
Will    .....        (no amulet)
Stlth   +            (no ring)
HPRegen 0.24/turn    (no ring)
MPRegen 0.09/turn

%: no passive effects
@: on fire, beast-form, hasted, glowing, very quick
A: beast (slay +3), fangs 1, strong nose, distributed training
a: Begin Untransformation


You were on level 3 of the Dungeon.
You were a hulking beast.
You visited 1 branch of the dungeon, and saw 3 of its levels.

You collected 108 gold pieces.

Inventory:

Armour
 a - a +0 animal skin (worn)
Jewellery
 i - an amulet of faith
Talismans
 c - a beast talisman (active)
 d - a flux talisman
 n - a maw talisman
Scrolls
 e - a scroll of identify {unknown}
 f - 2 scrolls of fog {unknown}
 h - 2 scrolls of teleportation {unknown}
 j - a scroll of fear {unknown}
 k - a scroll of amnesia {unknown}
Potions
 b - a potion of lignification
 l - a potion of attraction {unknown}
 m - a potion of degeneration {unknown}
 o - a potion of invisibility {unknown}


   Skills:
 + Level 2.7 Fighting
 + Level 1.0 Short Blades
 + Level 1.0 Long Blades
 + Level 1.0 Axes
 + Level 1.0 Maces & Flails
 + Level 1.0 Polearms
 + Level 1.0 Staves
 + Level 1.0 Ranged Weapons
 + Level 1.0 Throwing
 + Level 1.0 Armour
 + Level 4.6 Dodging
 + Level 1.0 Stealth
 + Level 1.0 Shields
 + Level 6.5 Unarmed Combat
 + Level 1.0 Spellcasting
 + Level 0.7 Conjurations
 + Level 0.7 Hexes
 + Level 0.7 Summonings
 + Level 0.7 Necromancy
 + Level 0.7 Translocations
 + Level 0.7 Fire Magic
 + Level 0.7 Ice Magic
 + Level 0.7 Air Magic
 + Level 0.7 Earth Magic
 + Level 0.7 Alchemy
 + Level 1.1 Invocations
 + Level 1.0 Evocations
 + Level 6.5 Shapeshifting


You had 4 spell levels left.
You didn't know any spells.
Your spell library contained the following spells:

 Spells                   Type           Power      Damage    Failure   Level
 Blink                    Tloc           2%         N/A       38%         2
 Lesser Beckoning         Tloc           2%         N/A       38%         2
 Momentum Strike          Conj/Tloc      2%         3d8       38%         2
 Dazzling Flash           Conj/Hex       2%         N/A       63%         3
 Sigil of Binding         Hex            1%         N/A       63%         3
 Death Channel            Necr           0%         N/A       100%        6
 Sculpt Simulacrum        Ice/Alch       0%         N/A       100%        6
 Starburst                Conj/Fire      0%         6d3       100%        6
 Maxwell's Capacitive Co  Air            0%         ∞         100%        8


Dungeon Overview and Level Annotations

Branches:
Dungeon (3/15)

Altars:


Innate Abilities, Weirdness & Mutations

You are a hulking beast.
Your limbs bulge with bestial killing power. (Slay +3)
You have very sharp teeth.
Your uncanny sense of smell can sniff out nearby items.
Your experience applies equally to all skills.


Message History

You hit the giant cockroach.
You kill the giant cockroach!
The bombardier beetle sprays incendiary fluid at you.
The burning spray hits you.
You are covered in liquid fire!
You shake off some of the fire as you move.
The liquid fire burns you!
You shake off some of the fire as you move.
The liquid fire burns you!
The bombardier beetle sprays incendiary fluid at you.
The burning spray hits you.
You are even more covered in liquid fire!
You shake off some of the fire as you move.
The liquid fire burns you! The bombardier beetle misses you.
You hit the bombardier beetle.
The bombardier beetle is moderately wounded.
The liquid fire burns you!
You are too injured to fight recklessly!
You hit the bombardier beetle. You bite the bombardier beetle.
The bombardier beetle is severely wounded.
The liquid fire burns you!
The bombardier beetle closely misses you.
You hit the bombardier beetle. You bite the bombardier beetle.
The bombardier beetle is almost dead.
The liquid fire burns you!
* * * LOW HITPOINT WARNING * * *
You closely miss the bombardier beetle.
You bite the bombardier beetle, but do no damage.
The bombardier beetle is almost dead.
The liquid fire burns you!
* * * LOW HITPOINT WARNING * * *
The bombardier beetle barely misses you.
You barely miss the bombardier beetle.
The bombardier beetle is almost dead.
The liquid fire burns you!
* * * LOW HITPOINT WARNING * * *
It was a potion of haste.
You feel yourself speed up. The liquid fire burns you!
You die...

### .# #.. ... #.# #
# .... #.#.#.# ∆
.....##.#...#.#
....>.
.......B.......
.....# #h# .....#
#.# .....# #.#
.....# ######.###
#.....# #....=.†.#
......# +......#.#
......#####.....##.#
.#.#........###.# .
†#.##.#####.###.# .#


You could see a bombardier beetle.

Vanquished Creatures
  An adder (D:2)
  2 dart slugs (D:1)
  2 ribbon worms (D:2)
  2 ball pythons
  An endoplasm (D:2)
  2 giant cockroaches
  2 goblins
  4 hobgoblins
  3 jackals (D:1)
  2 quokkas (D:2)
  4 bats
  2 frilled lizards
  5 kobolds
  3 rats
35 creatures vanquished.

Notes
Turn   | Place    | Note
-------+----------+-------------------------------------------
     0 | D:1      | ASSMAN the Gnoll Shapeshifter began the quest for the Orb.
     0 | D:1      | Reached XP level 1. HP: 17/17 MP: 1/1
   110 | D:1      | Found a faded altar of an unknown god.
   153 | D:1      | Reached XP level 2. HP: 22/23 MP: 2/2
   982 | D:2      | Reached XP level 3. HP: 28/28 MP: 3/3
  1090 | D:2      | Reached skill level 1 in Invocations
  1147 | D:2      | Reached skill level 1 in Short Blades
  1147 | D:2      | Reached skill level 1 in Long Blades
  1147 | D:2      | Reached skill level 1 in Axes
  1147 | D:2      | Reached skill level 1 in Maces & Flails
  1147 | D:2      | Reached skill level 1 in Polearms
  1147 | D:2      | Reached skill level 1 in Staves
  1147 | D:2      | Reached skill level 1 in Ranged Weapons
  1147 | D:2      | Reached skill level 1 in Throwing
  1147 | D:2      | Reached skill level 1 in Armour
  1147 | D:2      | Reached skill level 1 in Stealth
  1147 | D:2      | Reached skill level 1 in Shields
  1147 | D:2      | Reached skill level 1 in Spellcasting
  1147 | D:2      | Reached skill level 1 in Evocations
  1541 | D:3      | HP: 1/28 [burnt (4)]
  1542 | D:3      | Incinerated by a bombardier beetle

Illustrated notes

Levels and vault maps discovered:
D:1:      ebering_trefoil_3fold, layout_basic,
          hellmonk_ecumenical_altar_inner_sanctum
D:2:      layout_rooms, serial_bayou_pond_e, minmay_splitting_lines
D:3:      layout_basic, elyvilon_altar_1, mainiacjoe_overflow_chevrons,
          uniq_terence, uniq_natasha, uniq_jessica

Skill      XL: |  1  2  3 |
---------------+----------+-----
Invocations    | 1 |  1.1
Short Blades   | 1 |  1.0
Long Blades    | 1 |  1.0
Axes           | 1 |  1.0
Maces & Flails | 1 |  1.0
Polearms       | 1 |  1.0
Staves         | 1 |  1.0
Ranged Weapons | 1 |  1.0
Throwing       | 1 |  1.0
Armour         | 1 |  1.0
Stealth        | 1 |  1.0
Shields        | 1 |  1.0
Spellcasting   | 1 |  1.0
Evocations     | 1 |  1.0
Fighting       | |  2.7
Dodging        | |  4.6
Unarmed Combat | |  6.5
Conjurations   | |  0.7
Hexes          | |  0.7
Summonings     | |  0.7
Necromancy     | |  0.7
Translocations | |  0.7
Fire Magic     | |  0.7
Ice Magic      | |  0.7
Air Magic      | |  0.7
Earth Magic    | |  0.7
Alchemy        | |  0.7
Shapeshifting  | |  6.5

Action                     || total
---------------------------++-------
  Melee: Unarmed           ||    72
         Bite              ||     7
         Punch             ||     1
    Use: Potion            ||     1
 Armour: Animal skin       ||    32
  Dodge: Dodged            ||    36

Table legend: (Time is in decaauts)
 A = Elapsed time spent in this place.
 B = Non-inter-level travel time spent in this place.
 C = Inter-level travel time spent in this place.
 D = Time resting spent in this place.
 E = Time spent auto-exploring this place.
 F = Levels seen in this place.
 G = Mean time per level.
                   A        B        C        D        E       F      G
               +--------+--------+--------+--------+--------+-----+--------+
         Total |   1533 |   1419 |    114 |      0 |   1206 |   3 |  511.0 |
       Dungeon |   1533 |   1419 |    114 |      0 |   1206 |   3 |  511.0 |
               +--------+--------+--------+--------+--------+-----+--------+

Top non-repeatable levels by time:
     D:1: 933 daAuts
     D:2: 541 daAuts
     D:3: 58 daAuts
